 Dungeon Crawl Stone Soup version 0.20.1-1-g8b1a95d (webtiles) character file.

2644 Linguinho the Cleaver (level 9, -3/69 HPs)
             Began as a Demonspawn Fighter on Nov 10, 2017.
             Was a Follower of Makhleb.
             Slain by a yak (9 damage)
             ... on level 7 of the Dungeon.
             The game lasted 00:13:40 (5716 turns).

Linguinho the Cleaver (Demonspawn Fighter)          Turns: 5716, Time: 00:13:41

Health: -3/69      AC:  7    Str: 19    XL:     9   Next: 35%
Magic:  0/9        EV:  7    Int: 10    God:    Makhleb [*.....]
Gold:   250        SH: 10    Dex: 13    Spells: 8/8 levels left

rFire    . . .     SeeInvis .   a - +0 war axe
rCold    . . .     Gourm    .   c - +0 shield
rNeg     . . .     Faith    .   h - +0 plate armour
rPois    .         Spirit   +   (no helmet)
rElec    .         Reflect  .   (no cloak)
rCorr    .         Harm     .   (no gloves)
MR       .....                  (boots unavailable)
Stlth    ..........             (no amulet)
Regen    0.3/turn               (no ring)
MPRegen  0.2/turn               (no ring)

@: no status effects
A: talons 3, repulsion field 2, camouflage 1, deformed body, magic shield
a: Renounce Religion


You were on level 7 of the Dungeon.
You worshipped Makhleb.
Makhleb was aware of your devotion.
You were not hungry.

You visited 2 branches of the dungeon, and saw 8 of its levels.

You collected 404 gold pieces.
You spent 154 gold pieces at shops.

Inventory:

Hand Weapons
 a - a +0 war axe (weapon)
Armour
 b - a +0 scale mail
 c - a +0 shield (worn)
 h - a +0 plate armour (worn)
Jewellery
 r - a +2 ring of evasion {unknown}
 y - a cursed ring of teleportation {unknown}
 D - an uncursed ring of poison resistance {unknown}
Wands
 u - a wand of random effects (30/48)
 C - a wand of flame (20/48)
 F - a wand of digging (5/24)
Scrolls
 g - 2 scrolls of fear {unknown}
 l - 2 scrolls of amnesia {unknown}
 m - 6 scrolls of identify {unknown}
 p - 2 scrolls of immolation {unknown}
 q - a scroll of enchant weapon {unknown}
 t - a scroll of recharging {unknown}
 w - a scroll of remove curse {unknown}
 x - 2 scrolls of magic mapping {unknown}
 E - 2 scrolls of teleportation {unknown}
Potions
 d - a potion of heal wounds {unknown}
 e - 4 potions of flight
 i - a potion of cancellation {unknown}
 n - a potion of brilliance {unknown}
 o - a potion of resistance {unknown}
 v - 5 potions of curing
 z - 2 potions of haste
 B - 2 potions of berserk rage
Books
 A - a Young Poisoner's Handbook

   Spells                             Type                      Level
   a - Sting                          Conjuration/Poison           1
   b - Poisonous Vapours              Poison/Air                   2
   c - Mephitic Cloud                 Conjuration/Poison/Air       3
   d - Olgreb's Toxic Radiance        Poison                       4
   e - Venom Bolt                     Conjuration/Poison           5
Comestibles
 f - 2 bread rations
 j - 3 meat rations
 k - 5 royal jellies


   Skills:
 + Level 5.7 Fighting
 + Level 8.3 Axes
 + Level 5.4 Armour
 - Level 0.1 Dodging
 + Level 6.1 Shields


You had 8 spell levels left.
You didn't know any spells.

Dungeon Overview and Level Annotations

Branches:
Dungeon (7/15)             Temple (1/1) D:4

Altars:
Ashenzari
Cheibriados
Dithmenos
Elyvilon
Fedhas
Gozag
Hepliaklqana
Kikubaaqudgha
Makhleb
Nemelex Xobeh
Okawaru
Ru
Sif Muna
Trog
Uskayaw
Vehumet
Xom
Yredelemnul
Zin
The Shining One

Shops:
D:4 }   D:6 !


Innate Abilities, Weirdness & Mutations

You have claws for feet.
You are surrounded by a moderate repulsion field. (EV +3)
When hurt, damage is shared between your health and your magic reserves.
Your skin changes colour to match your surroundings (Stealth+).
Armour fits poorly on your strangely shaped body.


Message History

Your vision sharpens.
You feel clumsy.
You no longer feel cold resistant.
You feel stronger.
Your feet stretch into talons.
Your body twists and deforms.
Your skin functions as natural camouflage.
The hog bites you but does no damage.
You slash the hog! You claw the hog!
The hog is almost dead.
The hog bites you but does no damage.
Your shield and plate armour prevent you from hitting the hog.
The hog is almost dead.
The hog bites you.
* * * LOW HITPOINT WARNING * * *
The hog bites you!
* * * LOW HITPOINT WARNING * * *
You closely miss the hog. You claw the hog.
You kill the hog!
Makhleb accepts your kill.
You hit the yak. You claw the yak.
The yak is almost dead.
The yak barely misses you. The yak gores you!
You die...

#.#.....##
#.#......##
.......#..#
..........#
#.....###.#
###_#####.#
#.....###.#
..........###########
#...##.##.......@Y..#
#.####.##.>#######..#
....##.#####%%.).'..#
....##.....#%....#.##
....##########'#####
##### #.....# #
#.....# # ####### #


You could see a yak.

Vanquished Creatures
  3 hogs (D:7)
  A human (D:7)
  A hungry ghost (D:7)
  2 ice beasts (D:5)
  A sky beast (D:6)
  A black bear (D:6)
  5 ogres
  2 centaurs (D:6)
  A bullfrog (D:6)
  2 scorpions (D:4)
  A crimson imp (D:6)
  6 orc priests
  2 hounds
  A centaur skeleton (D:7)
  4 orc wizards
  5 worker ants
  A hound skeleton (D:4)
  A howler monkey zombie (D:7)
  A howler monkey skeleton (D:4)
  9 adders
  3 shadow imps
  3 oozes
  An adder zombie (D:6)
  A worm (D:2)
  2 dart slugs
  2 leopard geckos
  26 orcs
  2 ball pythons
  9 giant cockroaches
  11 goblins
  3 hobgoblins
  12 jackals
  15 kobolds
  8 quokkas
  11 bats
  5 frilled lizards
  A jackal skeleton (D:4)
  7 rats
  A butterfly (D:3)
173 creatures vanquished.

Vanquished Creatures (others)
  5 toadstools (D:1)
5 creatures vanquished.

Grand Total: 178 creatures vanquished

Notes
Turn   | Place    | Note
-------+----------+-------------------------------------------
     0 | D:1      | Linguinho the Demonspawn Fighter began the quest for the Orb.
     0 | D:1      | Reached XP level 1. HP: 18/18 MP: 1/1
   143 | D:1      | Gained mutation: You have sharp toenails. [demonic ancestry]
   143 | D:1      | Reached XP level 2. HP: 24/24 MP: 2/2
   245 | D:1      | Reached skill level 2 in Axes
   636 | D:2      | Reached XP level 3. HP: 29/29 MP: 3/3
  1433 | D:3      | Found a shadowy altar of Dithmenos.
  1461 | D:3      | Gained mutation: When hurt, damage is shared between your health and your magic reserves. [demonic ancestry]
  1461 | D:3      | Reached XP level 4. HP: 34/35 MP: 4/4
  1487 | D:3      | Found an opulent altar of Gozag.
  1580 | D:3      | Reached skill level 3 in Axes
  1748 | D:3      | Gained mutation: You have razor-sharp toenails. [demonic ancestry]
  1748 | D:3      | Reached XP level 5. HP: 14/41 MP: 2/5
  1958 | D:3      | Found a shimmering altar of Xom.
  2407 | D:4      | Reached skill level 4 in Axes
  2411 | D:4      | Found a blossoming altar of Fedhas.
  2423 | D:4      | Gained mutation: You are surrounded by a mild repulsion field. (EV +2) [demonic ancestry]
  2423 | D:4      | Reached XP level 6. HP: 42/47 MP: 6/6
  2761 | D:4      | Found a staircase to the Ecumenical Temple.
  2787 | Temple   | Entered the Ecumenical Temple
  2951 | Temple   | Became a worshipper of Makhleb the Destroyer
  3224 | D:4      | Found Tewnuv's Gadget Shop.
  3286 | D:4      | Found a basalt altar of Yredelemnul.
  3513 | D:4      | Reached skill level 5 in Axes
  3513 | D:4      | Reached XP level 7. HP: 47/53 MP: 5/7
  3604 | D:5      | Entered Level 5 of the Dungeon
  3723 | D:5      | Reached * piety under Makhleb
  3974 | D:5      | HP: 1/54 [ice beast (7)]
  4415 | D:5      | Reached skill level 6 in Axes
  4530 | D:6      | Gained mutation: You are surrounded by a moderate repulsion field. (EV +3) [demonic ancestry]
  4530 | D:6      | Reached XP level 8. HP: 60/60 MP: 8/8
  4559 | D:6      | Found an iron altar of Okawaru.
  4602 | D:6      | Reached skill level 5 in Shields
  4650 | D:6      | Found a sparkling altar of Nemelex Xobeh.
  4760 | D:6      | Found Sapp's Distillery.
  4774 | D:6      | Bought a potion of berserk rage for 70 gold pieces
  4774 | D:6      | Bought a potion of curing for 42 gold pieces
  4774 | D:6      | Bought a potion of curing for 42 gold pieces
  4866 | D:6      | Reached skill level 7 in Axes
  5120 | D:6      | Reached skill level 5 in Fighting
  5412 | D:7      | Reached skill level 5 in Armour
  5554 | D:7      | Reached XP level 9. HP: 63/68 MP: 9/9
  5620 | D:7      | Found a shattered altar of Ashenzari.
  5694 | D:7      | Reached skill level 8 in Axes
  5711 | D:7      | Gained mutation: Scrolls take you a little longer to read. [potion of mutation]
  5711 | D:7      | Gained mutation: Your flesh is cold resistant. (rC+) [potion of mutation]
  5711 | D:7      | Gained mutation: You are weak. (Str -2) [potion of mutation]
  5711 | D:7      | Gained mutation: You are agile. (Dex +2) [potion of mutation]
  5712 | D:7      | Lost mutation: Scrolls take you a little longer to read. [potion of mutation]
  5712 | D:7      | Lost mutation: You are agile. (Dex +2) [potion of mutation]
  5712 | D:7      | Lost mutation: Your flesh is cold resistant. (rC+) [potion of mutation]
  5712 | D:7      | Lost mutation: You are weak. (Str -2) [potion of mutation]
  5712 | D:7      | Gained mutation: You have claws for feet. [potion of mutation]
  5712 | D:7      | Gained mutation: Armour fits poorly on your strangely shaped body. [potion of mutation]
  5712 | D:7      | Gained mutation: Your skin changes colour to match your surroundings (Stealth+). [potion of mutation]
  5716 | D:7      | Slain by a yak

Skill      XL: |  1  2  3  4  5  6  7  8  9 |
---------------+----------------------------+-----
Armour         | 3 4 5 |  5.4
Shields        | 3 4 5 6 |  6.1
Axes           | 2 3 4 5 6 7 8 |  8.3
Fighting       | 4 5 |  5.7
Dodging        | |  0.1

Action                   |  1- 3 |  4- 6 |  7- 9 || total
-------------------------+-------+-------+-------++-------
Melee: War axe           |   126 |   202 |   293 ||   621
       Kick              |    26 |    57 |    81 ||   164
  Use: Potion            |       |       |     6 ||     6
  Eat: Chunk             |     1 |     8 |       ||     9
       Meat ration       |       |       |     1 ||     1
       Bread ration      |       |       |     3 ||     3
Armor: Scale mail        |    33 |       |       ||    33
       Plate armour      |    75 |   137 |   193 ||   405
Dodge: Dodged            |    21 |    22 |    73 ||   116
Block: Shield            |    84 |    93 |   183 ||   360
